 Dungeon Crawl Stone Soup version 0.18-a0-1347-gb9e2fb4 (webtiles) character file.

77 Oddball22 the Slasher (level 4, 0/30 HPs)
             Began as a High Elf Skald on Feb 17, 2016.
             Slain by an adder (2 damage)
             ... on level 3 of the Dungeon.
             The game lasted 00:03:23 (2316 turns).

Oddball22 the Slasher (High Elf Skald)              Turns: 2316, Time: 00:03:24

Health: 0/30       AC:  3    Str:  8 (11) XL:     4   Next: 14%
Magic:  8/8        EV: 17    Int: 13 (15) God:
Gold:   98         SH:  0    Dex: 20 (21) Spells: 1 memorised, 6 levels left

rFire  x . .     SeeInvis .     i - +0 dagger (elec)
rCold  + . .     Gourm    .     b - +0 leather armour
rNeg   . . .     Faith    .     (no shield)
rPois  .         Spirit   .     (no helmet)
rElec  .         Dismiss  .     (no cloak)
rCorr  .         Reflect  .     (no gloves)
SustAt .         Harm     .     (no boots)
MR     .....                    y - amulet of magic regeneration
Stlth  +++.......               (no ring)
                                g - ring of ice

@: agile, lethally poisoned (0 -> -4), very slightly contaminated, drained, not
resistant to hostile enchantments, fairly stealthy
A: no striking features
a: no special abilities


You were on level 3 of the Dungeon.
You were not hungry.

You visited 1 branch of the dungeon, and saw 3 of its levels.

You collected 98 gold pieces.

Inventory:

Hand Weapons
 a - a +0 falchion
 i - a +0 dagger of electrocution (weapon)
 n - a +1 dagger of holy wrath
Armour
 b - a +0 leather armour (worn)
Jewellery
 g - a ring of ice (left hand)
 y - an amulet of magic regeneration (around neck)
Scrolls
 e - 4 scrolls of identify {unknown}
 h - 4 scrolls of remove curse {unknown}
 j - a scroll of teleportation {unknown}
 k - 2 scrolls of amnesia {unknown}
 l - a scroll of enchant weapon {unknown}
 p - a scroll of fear {unknown}
 t - 3 scrolls of enchant armour {unknown}
 u - a scroll of random uselessness {unknown}
Potions
 q - a potion of flight
Books
 c - a book of Battle

   Spells                             Type                      Level
   a - Infusion                       Charms                       1
   b - Shroud of Golubria             Charms/Translocation         2
   c - Song of Slaying                Charms                       2
   d - Spectral Weapon                Hexes/Charms                 3
   e - Regeneration                   Charms/Necromancy            3
Comestibles
 d - 2 bread rations
 f - 2 meat rations
 r - a slice of pizza
 w - a chunk of flesh


   Skills:
 + Level 2.6(2.2) Fighting
 * Level 4.1(3.6) Long Blades
 - Level 0.8(0.4) Armour
 + Level 2.5(2.1) Dodging
 - Level 2.4(1.9) Spellcasting
 - Level 3.6(3.1) Charms


You had 6 spell levels left.
You knew the following spells:

 Your Spells              Type           Power        Failure   Level  Hunger
a - Infusion              Chrm           #...         12%         1    ##.....


Dungeon Overview and Level Annotations

Branches:
Dungeon (3/15)

Altars:
Okawaru
Pakellas
Qazlal


Message History

You closely miss the adder. The adder bites you.
* * * LOW HITPOINT WARNING * * *
You are lethally poisoned!
The adder poisons you! The adder barely misses you.
You barely miss the adder.
* * * LOW HITPOINT WARNING * * *
You feel sick. The adder bites you.
* * * LOW HITPOINT WARNING * * *
You miss the adder. The adder misses you.
You miss the adder.
* * * LOW HITPOINT WARNING * * *
You feel sick. The adder completely misses you.
You hit the adder.
The adder is moderately wounded.
The adder closely misses you.
You hit the adder.
The adder is severely wounded.
* * * LOW HITPOINT WARNING * * *
You feel sick. The adder bites you.
You die...

#.# .# #.###.###
##.#$....#
#....rK..#.
#.....o....
#..........
##(#...o...
#S###.#### #@# ..
#)#### ## #.(..#
#.##.# ### #.##.#
#.# #.##.#######.#
# #.....)...##.#
.#
########..##.###.#
#..รท.......


You could see an adder.

Vanquished Creatures
  3 adders (D:2)
  3 giant geckos
  5 orcs (D:3)
  A ball python (D:3)
  A giant cockroach (D:1)
  7 goblins
  3 hobgoblins
  3 jackals (D:2)
  4 kobolds
  2 quokkas
  3 bats
  3 rats (D:2)
38 creatures vanquished.

Notes
Turn   | Place    | Note
--------------------------------------------------------------
     0 | D:1      | Oddball22 the High Elf Skald began the quest for the Orb.
     0 | D:1      | Reached XP level 1. HP: 14/14 MP: 4/4
   666 | D:1      | Reached XP level 2. HP: 19/19 MP: 0/6
  1142 | D:2      | Found an oddly glowing altar of Pakellas.
  1173 | D:2      | Found an iron altar of Okawaru.
  1298 | D:2      | Reached XP level 3. HP: 25/25 MP: 4/7
  1839 | D:2      | Found a stormy altar of Qazlal.
  2240 | D:3      | Reached XP level 4. HP: 27/30 MP: 4/8
  2274 | D:3      | Reached skill level 4 in Long Blades
  2316 | D:3      | Slain by an adder

Vault maps used:
D:1:      saegor_arrival_simple_d, minmay_misc_feat_columns,
          kennysheep_decorative_pillar, roderic_whirl
D:2:      kennysheep_big_flooded_room, marbit_many_paths, lemuel_crystal_altar,
          old_standard_altar
D:3:      nicolae_overflow_crystal_walls, grunt_temple_overflow_opulence,
          ecumenical_altar_2, uniq_robin, uniq_crazy_yiuf_cottage, uniq_jessica

Action                   |  1- 3 |  4- 6 || total
-------------------------+-------+-------++-------
Melee: Falchion          |     7 |       ||     7
       Dagger            |    76 |    23 ||    99
 Cast: Infusion          |     5 |     1 ||     6
  Use: Potion            |       |     8 ||     8
 Stab: Invisible         |       |     3 ||     3
  Eat: Chunk             |     4 |     1 ||     5
